AoeStats
← Anton Horvarth

Arena

509659461Analyzed
1v1 RM · 5d ago on Sep 27, 2026· 56m 51s· 2 players
Game mode
Random Map
Map size
Tiny (2 player)
Population
200
Speed
Normal
Resources
Standard
Victory
Conquest
Starting age
Dark Age
Ending age
Imperial Age
RankedLock teamsTeams togetherTeam positionsShared explorationLock speedFull tech treeHidden civsTurbo modeCheats
Victory
Defeat
🇩🇪 Bohemians · Germany
963
+15
🇹🇷 Hindustanis · Türkiye
933
-15
deli yaşo
10:43 Feudal Age
14:27 Castle Age
12:40 Double-Bit Axe
13:25 Gold Mining
23:23 Loom
25:54 Bow Saw
25:42 Horse Collar
27:01 Fortified Wall
31:02 Imperial Age
29:16 Fletching
29:27 Padded Archer Armor
30:55 Gold Shaft Mining
30:10 Stone Mining
30:35 Scale Barding Armor
30:41 Forging
32:13 Wheelbarrow
32:48 Chemistry
32:39 Shatagni
33:16 Hoardings
33:11 Block Printing
33:10 Redemption
34:21 Block Printing
36:13 Siege Engineers
36:19 Masonry
36:30 Ballistics
36:06 Murder Holes
36:33 Conscription
36:14 Grand Trunk Road
38:12 Leather Archer Armor
37:53 Bodkin Arrow
38:40 Husbandry
38:51 Bloodlines
39:23 Stone Shaft Mining
38:51 Heavy Plow
40:02 Two-Man Saw
39:32 Light Cavalry
41:19 Hussar
42:21 Chain Barding Armor
42:33 Ring Archer Armor
42:39 Iron Casting
42:05 Bracer
42:06 Scale Mail Armor
46:27 Plate Barding Armor
46:53 Blast Furnace
47:28 Chain Mail Armor
51:15 Thumb Ring
50:31 Elite Skirmisher
Anton Horvarth
11:15 Feudal Age
16:19 Castle Age
15:29 Scale Mail Armor
15:21 Horse Collar
15:46 Double-Bit Axe
18:08 Chain Mail Armor
20:12 Loom
21:08 Wheelbarrow
21:29 Town Watch
22:58 Forging
27:27 Iron Casting
29:40 Fletching
29:55 Town Patrol
32:33 Imperial Age
30:22 Bow Saw
30:26 Heavy Plow
31:54 Chemistry
31:15 Squires
30:37 Pikeman
33:36 Siege Engineers
34:22 Conscription
36:01 Elite Hussite Wagon
39:36 Blast Furnace
39:07 Plate Mail Armor
38:34 Bodkin Arrow
39:27 Houfnice
39:40 Halberdier
39:45 Elite Skirmisher
42:21 Wagenburg Tactics
42:23 Padded Archer Armor
42:23 Bracer
56:20 Bombard Tower
57:33 Leather Archer Armor
Connection lost

Rejoining the realm…

Still unreachable

The connection could not be restored.

Session expired

The server has moved on; the page needs a fresh start.